NCAA
PENN STATE NITTANY LIONS @ KANSAS JAYHAWKS
04/11/2029
 
TOP OF THE 1ST
Penn State Nittany Lions batting - Pitching for Kansas Jayhawks : RHP Mike Kaiser
Pitching: RHP Mike Kaiser
Batting: LHB Jerry Koch 0-0: Swinging Strike
0-1: Foul Ball, location: 2F
0-2: Foul Ball, location: 2F
0-2: Strikes out looking
Batting: RHB Lane Wilcox 0-0: Called Strike
0-1: Ground out 1-3 (Groundball, 13S)
Batting: LHB Ángel Santos 0-0: Ball
1-0: Ball
2-0: Swinging Strike
2-1: Swinging Strike
2-2: Strikes out swinging
Top of the 1st over - 0 runs, 0 hits, 0 errors, 0 left on base; Penn State 0 - Kansas 0
BOTTOM OF THE 1ST
Kansas Jayhawks batting - Pitching for Penn State Nittany Lions : LHP Will Hurt
Pitching: LHP Will Hurt
Batting: LHB Daniel Miller 0-0: SOLO HOME RUN (Flyball, 9D), Distance : 363 ft
Batting: RHB Fred Griffith 0-0: Ball
1-0: Ball
2-0: Ball
3-0: Base on Balls
Batting: LHB Tony Ríos 0-0: Ball
1-0: Foul Ball, location: 2F
1-1: Foul Ball, location: 2F
1-2: Ball
2-2: Fly out, F7 (Line Drive, 7)
Batting: RHB Peyton Ryan 0-0: Ball
1-0: Ball
2-0: DOUBLE (Line Drive, 7LM)
Fred Griffith to third
Runner from 3rd tries for Home, SAFE, no throw
Batting: RHB Félix Chávez 0-0: Foul Ball, location: 2F
0-1: Ball
1-1: Ball
2-1: Foul Ball, location: 2F
2-2: Fly out, F8 (Flyball, 8RS)
Batting: RHB Sidney Gilbert 0-0: Ball
1-0: Ball
2-0: Ball
3-0: Base on Balls
Batting: LHB José Pueblo 0-0: Ball
1-0: Swinging Strike
1-1: Ball
2-1: Foul Ball, location: 2F
2-2: SINGLE (Flyball, 8LS)
Peyton Ryan to third
Sidney Gilbert to second
Runner from 3rd tries for Home, SAFE, throw made home
Batting: RHB Andrew Jenkins 0-0: Ball
1-0: Ball
2-0: Called Strike
2-1: Ball
3-1: Base on Balls
Sidney Gilbert to third
José Pueblo to second
Batting: LHB Jason Rogers 0-0: Called Strike
0-1: Ball
1-1: Ball
2-1: Ball
3-1: Called Strike
3-2: Foul Ball, location: 2F
3-2: Base on Balls
Sidney Gilbert scores
José Pueblo to third
Andrew Jenkins to second
Batting: LHB Daniel Miller 0-0: Called Strike
0-1: Called Strike
0-2: Ball
1-2: Fly out, F8 (Flyball, 8LS)
Bottom of the 1st over - 4 runs, 3 hits, 0 errors, 3 left on base; Penn State 0 - Kansas 4
TOP OF THE 2ND
Penn State Nittany Lions batting - Pitching for Kansas Jayhawks : RHP Mike Kaiser
Batting: SHB Francisco Madrigal 0-0: Foul Ball, location: 2F
0-1: Swinging Strike
0-2: Ball
1-2: Foul Ball, location: 2F
1-2: Ball
2-2: Strikes out swinging
Batting: SHB Danny Parkins 0-0: Called Strike
0-1: Foul Ball, location: 2F
0-2: Strikes out swinging
Batting: RHB Steffen Hansen 0-0: Called Strike
0-1: Ball
1-1: Ball
2-1: SINGLE (Groundball, 6D)
Batting: LHB Mauro Flores 0-0: Ball
1-0: Ball
Throwing error on steal attempt, E2
Steffen Hansen to third
2-0: Fly out, F8 (Flyball, 8LM)
Top of the 2nd over - 0 runs, 1 hit, 1 error, 1 left on base; Penn State 0 - Kansas 4
BOTTOM OF THE 2ND
Kansas Jayhawks batting - Pitching for Penn State Nittany Lions : LHP Will Hurt
Batting: RHB Fred Griffith 0-0: Foul Ball, location: 2F
0-1: Ball
1-1: Ball
2-1: Fly out, F8 (Flyball, 78D)
Batting: LHB Tony Ríos 0-0: Ball
1-0: Ball
2-0: Ground out 4-3 (Groundball, 34)
Batting: RHB Peyton Ryan 0-0: Called Strike
0-1: Foul Ball, location: 2F
0-2: Ball
1-2: Ball
2-2: Strikes out swinging
Bottom of the 2nd over - 0 runs, 0 hits, 0 errors, 0 left on base; Penn State 0 - Kansas 4
TOP OF THE 3RD
Penn State Nittany Lions batting - Pitching for Kansas Jayhawks : RHP Mike Kaiser
Batting: RHB Greg Coleman 0-0: Ball
1-0: Fly out, F8 (Flyball, 8RS)
Batting: LHB Damian West 0-0: Ball
1-0: Ball
2-0: Foul Ball, location: 2F
2-1: Called Strike
2-2: Strikes out looking
Batting: LHB Jerry Koch 0-0: Ball
1-0: Ball
2-0: Foul Ball, location: 2F
2-1: Called Strike
2-2: Strikes out swinging
Top of the 3rd over - 0 runs, 0 hits, 0 errors, 0 left on base; Penn State 0 - Kansas 4
BOTTOM OF THE 3RD
Kansas Jayhawks batting - Pitching for Penn State Nittany Lions : LHP Will Hurt
Batting: RHB Félix Chávez 0-0: Ball
1-0: Ball
2-0: Ground out 5-3 (Groundball, 56S)
Batting: RHB Sidney Gilbert 0-0: Ball
1-0: Ball
2-0: Ball
3-0: Called Strike
3-1: Base on Balls
Batting: LHB José Pueblo 0-0: Foul Ball, location: 2F
0-1: Ball
1-1: Called Strike
1-2: Ground out 6-3 (Groundball, 6)
Sidney Gilbert to second
Batting: RHB Andrew Jenkins 0-0: Called Strike
0-1: Ball
1-1: Ground out 5-3 (Groundball, 5)
Bottom of the 3rd over - 0 runs, 0 hits, 0 errors, 1 left on base; Penn State 0 - Kansas 4
TOP OF THE 4TH
Penn State Nittany Lions batting - Pitching for Kansas Jayhawks : RHP Mike Kaiser
Batting: RHB Lane Wilcox 0-0: Foul Ball, location: 2F
0-1: Foul Ball, location: 2F
0-2: Ball
1-2: Fly out, F8 (Flyball, 89M)
Batting: LHB Ángel Santos 0-0: Fly out, F9 (Flyball, 9S)
Batting: SHB Francisco Madrigal 0-0: Ball
1-0: TRIPLE (Flyball, 8LXD)
Batting: SHB Danny Parkins 0-0: Ground out 4-3 (Groundball, 4)
Top of the 4th over - 0 runs, 1 hit, 0 errors, 1 left on base; Penn State 0 - Kansas 4
BOTTOM OF THE 4TH
Kansas Jayhawks batting - Pitching for Penn State Nittany Lions : LHP Will Hurt
Batting: LHB Jason Rogers 0-0: Called Strike
0-1: Ball
1-1: Called Strike
1-2: Fly out, F6 (Popup, 6MD)
Batting: LHB Daniel Miller 0-0: Ball
1-0: Ball
2-0: Ball
3-0: Base on Balls
Batting: RHB Fred Griffith 0-0: Called Strike
0-1: Ball
1-1: Swinging Strike
1-2: Ball
2-2: Strikes out swinging
Pitching: RHP José Lazado
Batting: LHB Tony Ríos 0-0: Called Strike
0-1: Ball
1-1: Called Strike
1-2: Strikes out swinging
Bottom of the 4th over - 0 runs, 0 hits, 0 errors, 1 left on base; Penn State 0 - Kansas 4
TOP OF THE 5TH
Penn State Nittany Lions batting - Pitching for Kansas Jayhawks : RHP Mike Kaiser
Batting: RHB Steffen Hansen 0-0: Called Strike
0-1: Ball
1-1: Foul Ball, location: 2F
1-2: Foul Ball, location: 2F
1-2: Foul Ball, location: 2F
1-2: Foul Ball, location: 2F
1-2: Foul Ball, location: 2F
1-2: Ball
2-2: Strikes out swinging
Batting: LHB Mauro Flores 0-0: Swinging Strike
0-1: Ball
1-1: Foul Ball, location: 2F
1-2: Strikes out looking
Batting: RHB Greg Coleman 0-0: Ball
1-0: Foul Ball, location: 2F
1-1: Foul Ball, location: 2F
1-2: Strikes out looking
Top of the 5th over - 0 runs, 0 hits, 0 errors, 0 left on base; Penn State 0 - Kansas 4
BOTTOM OF THE 5TH
Kansas Jayhawks batting - Pitching for Penn State Nittany Lions : RHP José Lazado
Batting: RHB Peyton Ryan 0-0: Called Strike
0-1: SINGLE (Groundball, 34D)
Batting: RHB Félix Chávez 0-0: Ground out 4-3 (Groundball, 34)
Peyton Ryan to second
Batting: RHB Sidney Gilbert 0-0: Called Strike
0-1: Ball
1-1: Called Strike
1-2: Ball
2-2: Foul Ball, location: 2F
2-2: Ball
3-2: Ground out 6-3 (Groundball, 6)
Batting: LHB José Pueblo 0-0: Called Strike
0-1: Ball
1-1: Swinging Strike
1-2: Ball
2-2: Strikes out swinging
Bottom of the 5th over - 0 runs, 1 hit, 0 errors, 1 left on base; Penn State 0 - Kansas 4
TOP OF THE 6TH
Penn State Nittany Lions batting - Pitching for Kansas Jayhawks : RHP Mike Kaiser
Batting: LHB Damian West 0-0: Ground out 5-3 (Groundball, 56)
Batting: LHB Jerry Koch 0-0: Called Strike
0-1: Ball
1-1: Ball
2-1: Foul Ball, location: 2F
2-2: Ground out 6-3 (Groundball, 6)
Batting: RHB Lane Wilcox 0-0: DOUBLE (Line Drive, 8LD)
Batting: LHB Ángel Santos 0-0: Called Strike
0-1: Ball
1-1: Ball
2-1: Foul Ball, location: 2F
2-2: Ball
3-2: Base on Balls
Batting: SHB Francisco Madrigal 0-0: Ball
1-0: Ball
2-0: Swinging Strike
2-1: Reached on error, E5 (Groundball, 56)
Lane Wilcox to third
Ángel Santos to second
Pitching: RHP Chris Hutchins
Batting: SHB Danny Parkins 0-0: Swinging Strike
0-1: Ball
1-1: Foul Ball, location: 2F
1-2: Ball
2-2: Fly out, F9 (Flyball, 9LM)
Top of the 6th over - 0 runs, 1 hit, 1 error, 3 left on base; Penn State 0 - Kansas 4
BOTTOM OF THE 6TH
Kansas Jayhawks batting - Pitching for Penn State Nittany Lions : RHP José Lazado
Batting: RHB Andrew Jenkins 0-0: Ball
1-0: Ball
2-0: Ball
3-0: SOLO HOME RUN (Flyball, 7D), Distance : 365 ft
Batting: LHB Jason Rogers 0-0: Ball
1-0: Ball
2-0: Called Strike
2-1: Ball
3-1: Base on Balls
Batting: LHB Daniel Miller 0-0: Called Strike
0-1: Foul Ball, location: 2F
0-2: Ball
1-2: Foul Ball, location: 2F
1-2: Strikes out swinging
Batting: RHB Fred Griffith 0-0: Ball
Throwing error on steal attempt, E2
Jason Rogers to third
1-0: Foul Ball, location: 2F
1-1: Ball
2-1: SINGLE (Line Drive, 7LS)
Jason Rogers scores
Batting: LHB Tony Ríos 0-0: Foul Ball, location: 2F
0-1: Ball
1-1: Foul Ball, location: 2F
1-2: Foul Ball, location: 2F
1-2: Ball
2-2: Foul Ball, location: 2F
2-2: Ball
3-2: Strikes out swinging
Batting: RHB Peyton Ryan 0-0: Fly out, F8 (Flyball, 8LXD)
Bottom of the 6th over - 2 runs, 2 hits, 1 error, 1 left on base; Penn State 0 - Kansas 6
TOP OF THE 7TH
Penn State Nittany Lions batting - Pitching for Kansas Jayhawks : RHP Chris Hutchins
Batting: RHB Steffen Hansen 0-0: Called Strike
0-1: Ball
1-1: Foul Ball, location: 2F
1-2: Ball
2-2: Ground out 6-3 (Groundball, 6)
Batting: LHB Mauro Flores 0-0: Called Strike
0-1: SINGLE (Flyball, 8LS)
Batting: RHB Greg Coleman 0-0: Called Strike
0-1: Called Strike
0-2: Hit by Pitch
Mauro Flores to second
Batting: LHB Damian West 0-0: Called Strike
0-1: Swinging Strike
0-2: Foul Ball, location: 2F
0-2: Grounds into double play, 6-4-3 (Groundball, 6)
Top of the 7th over - 0 runs, 1 hit, 0 errors, 1 left on base; Penn State 0 - Kansas 6
BOTTOM OF THE 7TH
Kansas Jayhawks batting - Pitching for Penn State Nittany Lions : RHP José Lazado
Batting: RHB Félix Chávez 0-0: Foul Ball, location: 2F
0-1: Ball
1-1: Ball
2-1: Called Strike
2-2: Ball
3-2: Base on Balls
Batting: RHB Sidney Gilbert 0-0: Called Strike
0-1: 2-RUN HOME RUN (Flyball, 78XD), Distance : 385 ft
Batting: LHB José Pueblo 0-0: Ball
1-0: Ball
2-0: Called Strike
2-1: SINGLE (Flyball, 7LS)
Batting: RHB Andrew Jenkins 0-0: Ball
1-0: Foul Ball, location: 2F
1-1: Ball
2-1: Ball
3-1: Foul Ball, location: 2F
3-2: Base on Balls
José Pueblo to second
Pitching: RHP Martin Couturier
Batting: LHB Jason Rogers 0-0: SINGLE (Groundball, 4MD)
José Pueblo to third
Andrew Jenkins to second
Batting: LHB Daniel Miller 0-0: Ball
1-0: Swinging Strike
1-1: Ball
2-1: Ball
3-1: Base on Balls
José Pueblo scores
Andrew Jenkins to third
Jason Rogers to second
Batting: RHB Fred Griffith 0-0: Called Strike
0-1: Swinging Strike
0-2: Strikes out swinging
Batting: LHB Tony Ríos 0-0: Ball
1-0: Ball
2-0: Ball
3-0: Called Strike
3-1: Called Strike
3-2: Foul Ball, location: 2F
3-2: Fly out, F8 (Line Drive, 78D)
Runner from 3rd tags up, SCORES, no throw
Batting: RHB Peyton Ryan 0-0: Called Strike
0-1: Ball
1-1: Ball
2-1: Called Strike
2-2: Ball
3-2: Strikes out swinging
Bottom of the 7th over - 4 runs, 3 hits, 0 errors, 2 left on base; Penn State 0 - Kansas 10
TOP OF THE 8TH
Penn State Nittany Lions batting - Pitching for Kansas Jayhawks : RHP Chris Hutchins
Batting: LHB Jerry Koch 0-0: Foul Ball, location: 2F
0-1: Fly out, F9 (Flyball, 9D)
Batting: RHB Lane Wilcox 0-0: Foul Ball, location: 2F
0-1: Swinging Strike
0-2: Strikes out swinging
Batting: LHB Ángel Santos 0-0: Called Strike
0-1: Called Strike
0-2: Strikes out looking
Top of the 8th over - 0 runs, 0 hits, 0 errors, 0 left on base; Penn State 0 - Kansas 10
BOTTOM OF THE 8TH
Kansas Jayhawks batting - Pitching for Penn State Nittany Lions : RHP Martin Couturier
Batting: RHB Félix Chávez 0-0: Called Strike
0-1: Called Strike
0-2: Ball
1-2: Ball
2-2: Fly out, F4 (Popup, 4)
Batting: RHB Sidney Gilbert 0-0: Ball
1-0: SOLO HOME RUN (Flyball, 7LD), Distance : 316 ft
Batting: LHB José Pueblo 0-0: Ball
1-0: Ball
2-0: Fly out, F8 (Flyball, 8LS)
Batting: RHB Andrew Jenkins 0-0: Swinging Strike
0-1: Called Strike
0-2: Fly out, F5 (Popup, 56)
Bottom of the 8th over - 1 run, 1 hit, 0 errors, 0 left on base; Penn State 0 - Kansas 11
TOP OF THE 9TH
Penn State Nittany Lions batting - Pitching for Kansas Jayhawks : RHP Chris Hutchins
Now at C: William Haas
Batting: SHB Francisco Madrigal 0-0: Ball
1-0: Ball
2-0: Ball
3-0: Base on Balls
Batting: SHB Danny Parkins 0-0: Swinging Strike
0-1: Foul Ball, location: 2F
0-2: Ball
1-2: Strikes out looking
Batting: RHB Steffen Hansen 0-0: Called Strike
0-1: Swinging Strike
0-2: Foul Ball, location: 2F
0-2: Ball
1-2: Ball
2-2: Ball
3-2: Foul Ball, location: 2F
3-2: Base on Balls
Francisco Madrigal to second
Batting: LHB Mauro Flores 0-0: Called Strike
0-1: Ball
1-1: Ball
2-1: Ball
Wild Pitch!
Francisco Madrigal to third
Steffen Hansen to second
3-1: Base on Balls
Pitching: RHP Joe Walker
Batting: RHB Greg Coleman 0-0: Ball
1-0: Swinging Strike
1-1: Fly out, F8 (Flyball, 89D)
Runner from 3rd tags up, SCORES, no throw
Batting: LHB Damian West 0-0: Ball
1-0: Swinging Strike
1-1: Called Strike
1-2: Strikes out swinging
Top of the 9th over - 1 run, 0 hits, 0 errors, 2 left on base; Penn State 1 - Kansas 11
Saturday, December 16th, 2017 - OOTP Baseball 18.8 Build 76